 Dungeon Crawl Stone Soup version 0.15.0-12-gccce430 (webtiles) character file.

4502 Johnny the Nimble (level 10, -5/114 (118) HPs)
             Began as a Human Berserker on Sept 1, 2014.
             Was an Elder of Trog.
             Slain by an ogre
             ... wielding a +0 giant club
              (23 damage)
             ... on Level 9 of the Dungeon.
             The game lasted 00:28:27 (11251 turns).

Johnny the Nimble (Human Berserker)                Turns: 11251, Time: 00:28:27

HP  -5/114 (118) AC 15     Str 23      XL: 10   Next: 65%
MP  13/13        EV  9     Int 11      God: Trog [****..]
Gold 146         SH  0     Dex 15      Spells:  0 memorised,  9 levels left

rFire  . . .     SeeInvis .     a - +1 hand axe
rCold  + + .     Clarity  +     G - +0 chain mail {rC+}
rNeg   . . .     rCorr    .     (no shield)
rPois  .         rRot     .     K - +1 helmet {Int+3}
rElec  .         Spirit   .     c - +0 cloak
SustAb .         Warding  .     g - +0 pair of gloves (curse)
rMut   +         Stasis   .     (no boots)
Gourm  .         NoCast   +     t - amulet "Ogofuev" {rMut -Cast +Blink +Inv Stlth++}
MR     .....                    u - ring of protection from cold
                                (no ring)

@: berserking, very quick, not resistant to hostile enchantments, extremely
unstealthy
A: clarity
a: Burn Spellbooks, Berserk, Trog's Hand, Brothers in Arms, Renounce Religion,
Evoke Blink, Evoke Invisibility


You were on level 9 of the Dungeon.
You worshipped Trog.
Trog was greatly pleased with you.
You were not hungry.

You visited 1 branch of the dungeon, and saw 9 of its levels.

You collected 496 gold pieces.
You spent 350 gold pieces at shops.

Inventory:

Hand weapons
 a - a +1 hand axe (weapon)
 i - a +2 shortbow of evasion
Missiles
 w - 3 javelins of returning (quivered)
 z - 19 arrows
 A - a tomahawk
 L - 2 tomahawks of returning
Armour
 b - a +0 animal skin
 c - a +0 cloak (worn)
 g - a cursed +0 pair of gloves (worn)
 o - a +0 ring mail
 D - a +0 plate armour
 G - a +0 chain mail of cold resistance (worn)
 K - a +1 helmet of intelligence (worn)
Magical devices
 h - a wand of frost (5)
 q - a wand of flame (2)
 x - a wand of random effects (12) {unknown}
 y - a wand of flame (14)
 M - a wand of lightning (6) {unknown}
Comestibles
 E - 5 meat rations
Scrolls
 d - a scroll of magic mapping
 l - 2 scrolls of remove curse
 m - 4 scrolls of enchant weapon
 n - 4 scrolls of fear
 p - 2 scrolls of enchant armour
 r - 3 scrolls of immolation
 B - a scroll of random uselessness {unknown}
 C - a scroll of teleportation
 H - a scroll of amnesia {unknown}
 I - a scroll of acquirement {unknown}
Jewellery
 f - an uncursed ring of protection from cold
 j - an uncursed ring of loudness
 k - an uncursed ring of stealth
 s - an uncursed ring of teleportation
 t - the amulet "Ogofuev" (around neck) {rMut -Cast +Blink +Inv Stlth++}
   (You found it on level 4 of the Dungeon)

   [amulet of resist mutation]

   It protects you from mutation.
   It lets you turn invisible.
   It lets you blink.
   It prevents spellcasting.
   It makes you much more stealthy.
 u - a ring of protection from cold (right hand)
 v - an uncursed amulet of the gourmand {unknown}
 J - an uncursed amulet of stasis
Potions
 e - a potion of restore abilities
 F - 2 potions of curing
 N - a potion of confusion {unknown}


   Skills:
 + Level 7.0 Fighting
 + Level 7.3 Axes
 + Level 7.8 Armour
 + Level 8.5 Dodging
 + Level 2.8 Stealth
 + Level 1.9 Evocations


You had 9 spell levels left.
You didn't know any spells.

Dungeon Overview and Level Annotations

Branches:
Dungeon (9/15)             Temple (0/1) D:5
    Orc: D:9-12        Lair: D:8-11

Altars:
Ashenzari
Cheibriados
Elyvilon
Sif Muna
Zin
The Shining One

Shops:
D:4 [   D:6 *%[(   D:8 }


Innate Abilities, Weirdness & Mutations

You possess an exceptional clarity of mind.


Message History

Your chain mail prevents you from hitting the ogre.
The ogre is lightly wounded.
You hit the ogre.
The ogre is moderately wounded.
The ogre hits you with a giant club!
You hit the ogre.
The ogre is moderately wounded.
The ogre hits you with a giant club!!
* * * LOW HITPOINT WARNING * * *
Use which ability? (? or * to list)
A red film seems to cover your vision as you go berserk!
You feel yourself moving faster!
You feel mighty!
You feel quite a bit more hungry. The ogre hits you with a giant club!
* * * LOW HITPOINT WARNING * * *
You barely miss the ogre.
The ogre is moderately wounded.
You barely miss the ogre.
The ogre is moderately wounded.
The ogre hits you with a giant club!!
You die...

# #.##.## # #.....#
########## ## #.....#
##........# .##
##...####...#####.. ..##
##........## .# ...#
#..#.....######...
...####.###......#......
##..##..# #..##..>..#
##....## #.####@..##
#....###..# #O........
####..###..## #...###..
#.........# ..###
..........# ..#
...#####.## #..# ####
### ##.. ##. #


You could see an ogre.

Vanquished Creatures
  Pikel (D:4)
  Grinder (D:5)
  The ghost of teukkam the Ruffian, an average TrMo (D:5)
  A hippogriff (D:6)
  Edmund (D:5)
  Menkaure (D:7)
  A hungry ghost (D:7)
  An orc warrior (D:7)
  A sky beast (D:7)
  3 ice beasts (D:7)
  2 phantoms
  6 ogres
  2 centaurs
  Sigmund (D:7)
  Duvessa (D:5)
  A big kobold (D:8)
  Blork the orc (D:7)
  A hippogriff zombie (D:7)
  A scorpion (D:8)
  A quasit (D:6)
  Dowan (D:5)
  3 crimson imps
  8 hounds
  2 jellies
  3 orc priests
  9 orc wizards
  An elf skeleton (D:9)
  4 iguanas
  A killer bee zombie (D:8)
  4 worker ants
  Ijyb (D:3)
  2 hound skeletons
  A worker ant zombie (D:7)
  7 gnolls
  7 adders
  A shadow imp (D:6)
  2 giant mites
  An inept feature mimic (D:3)
  4 worms
  An iguana skeleton (D:8)
  5 giant geckos
  30 orcs
  A bat skeleton (D:7)
  A bat zombie (D:7)
  6 giant cockroaches
  20 goblins
  15 hobgoblins
  18 jackals
  3 quokkas
  A ball python (D:6)
  18 bats
  4 giant newts
  A giant newt skeleton (D:5)
  2 goblin skeletons (D:4)
  2 goblin zombies (D:4)
  A hobgoblin skeleton (D:4)
  A hobgoblin zombie (D:4)
  15 kobolds
  A kobold skeleton (D:4)
  An orc skeleton (D:6)
  An orc zombie (D:4)
  13 rats
  A rat skeleton (D:8)
  A rat zombie (D:6)
254 creatures vanquished.

Vanquished Creatures (others)
  A slave (D:5)
  An orc wizard (D:8)
2 creatures vanquished.

Grand Total: 256 creatures vanquished

Notes
Turn   | Place    | Note
--------------------------------------------------------------
     0 | D:1      | Johnny, the Human Berserker, began the quest for the Orb.
     0 | D:1      | Reached XP level 1. HP: 18/18 MP: 1/1
    67 | D:1      | Reached XP level 2. HP: 13/24 MP: 2/2
   181 | D:1      | Reached XP level 3. HP: 2/29 MP: 3/3
   595 | D:1      | Acquired Trog's second power
  1299 | D:2      | Reached XP level 4. HP: 28/35 MP: 4/4
  2249 | D:3      | Noticed Ijyb
  2256 | D:3      | Killed Ijyb
  2256 | D:3      | Reached skill level 4 in Axes
  2260 | D:3      | Reached XP level 5. HP: 41/41 MP: 5/5
  3824 | D:4      | Reached XP level 6. HP: 18/48 MP: 6/6
  4223 | D:4      | Reached XP level 7. HP: 23/54 MP: 7/7
  4453 | D:4      | Found a glowing golden altar of the Shining One.
  4663 | D:4      | Got a vibrating sapphire amulet
  4688 | D:4      | Identified the amulet "Ogofuev" {rMut -Cast +Blink +Inv Stlth++} (You found it on level 4 of the Dungeon)
  4942 | D:4      | Found Taatirir's Antique Armour Boutique.
  5338 | D:4      | Reached skill level 5 in Dodging
  5482 | D:4      | Noticed an ogre
  5488 | D:4      | Killed an ogre
  5488 | D:4      | Reached XP level 8. HP: 54/61 MP: 8/8
  5511 | D:4      | Bought a runed cloak for 90 gold pieces
  5557 | D:4      | HP: 2/61 [gnoll/halberd (12)]
  6094 | D:4      | HP: 4/91 [poisoned by a worker ant]
  6203 | D:5      | Entered Level 5 of the Dungeon
  6255 | D:5      | Noticed Pikel
  6272 | D:5      | Noticed Dowan
  6465 | D:4      | Killed Pikel
  6465 | D:4      | Reached skill level 5 in Fighting
  6465 | D:4      | Reached skill level 5 in Axes
  6465 | D:4      | Reached skill level 5 in Armour
  6465 | D:4      | Reached skill level 6 in Dodging
  6465 | D:4      | Reached skill level 1 in Evocations
  6486 | D:5      | Noticed Duvessa
  6505 | D:5      | Killed Duvessa
  6505 | D:5      | Reached XP level 9. HP: 68/68 MP: 11/11
  6511 | D:5      | Killed Dowan
  6644 | D:5      | Found a staircase to the Ecumenical Temple.
  6732 | D:5      | Found a white marble altar of Elyvilon.
  6761 | D:5      | Noticed Edmund
  6767 | D:5      | Gained mutation: You are robust (+10% HP). [potion of beneficial mutation]
  6770 | D:5      | Lost mutation: You are robust (+10% HP). [potion of cure mutation]
  6778 | D:5      | Killed Edmund
  7066 | D:5      | Noticed teukkam's ghost (average TrMo)
  7083 | D:5      | Killed teukkam's ghost
  7083 | D:5      | Reached skill level 1 in Stealth
  7100 | D:5      | Reached skill level 7 in Dodging
  7210 | D:5      | Received a gift from Trog
  7216 | D:5      | HP: 1/65 [orc priest/nerve-wracking pain (8)]
  7674 | D:5      | Noticed Grinder
  7681 | D:5      | Paralysed by Grinder for 4 turns
  7688 | D:5      | Killed Grinder
  7770 | D:5      | Found a deep blue altar of Sif Muna.
  8017 | D:6      | Found Amik's Weapon Boutique.
  8109 | D:6      | Found Shregait's Assorted Antiques.
  8121 | D:6      | Acquired Trog's third power
  8127 | D:6      | Bought a potion of curing for 56 gold pieces
  8197 | D:6      | Found a shattered altar of Ashenzari.
  8216 | D:6      | Found Kuoduap's Food Boutique.
  8221 | D:6      | Bought a meat ration for 65 gold pieces
  8695 | D:6      | Found Imad Ash's Antique Armour Shop.
  9056 | D:7      | Noticed Sigmund
  9064 | D:7      | Killed Sigmund
  9084 | D:7      | Noticed Menkaure
  9101 | D:7      | Gained mutation: You possess an exceptional clarity of mind. [potion of beneficial mutation]
  9217 | D:7      | Killed Menkaure
  9217 | D:7      | Reached XP level 10. HP: 73/73 MP: 13/13
  9361 | D:7      | Reached skill level 8 in Dodging
  9793 | D:7      | Noticed Blork the orc
  9809 | D:7      | Killed Blork the orc
 10338 | D:6      | Bought a shiny helmet for 139 gold pieces
 10458 | D:8      | Received a gift from Trog
 10595 | D:8      | Found a glowing silver altar of Zin.
 10672 | D:8      | Found Nuagh's Gadget Shoppe.
 10876 | D:8      | Found a snail-covered altar of Cheibriados.
 11251 | D:9      | Slain by an ogre

Action                   |  1- 3 |  4- 6 |  7- 9 | 10-12 || total
-------------------------+-------+-------+-------+-------++-------
Melee: Hand axe          |   100 |   261 |   492 |   424 ||  1277
Invok: Berserk           |     1 |     5 |    14 |     6 ||    26
       Trog's Hand       |       |     2 |    12 |     4 ||    18
 Abil: Evoke Blink       |       |       |     1 |       ||     1
Evoke: Wand              |       |       |     8 |       ||     8
  Use: Scroll            |       |     4 |     6 |     5 ||    15
       Potion            |       |       |    14 |     3 ||    17
 Stab: Sleeping          |       |       |     6 |       ||     6
       Invisible         |       |       |     2 |       ||     2
       Distracted        |       |       |       |     1 ||     1
  Eat: Chunk             |     2 |     2 |     9 |     7 ||    20
       Meat ration       |       |     1 |     1 |       ||     2
       Bread ration      |       |     2 |     4 |     2 ||     8
       Beef jerky        |       |       |       |     1 ||     1
